 Dungeon Crawl Stone Soup version 0.32-a0-818-gb728d0252e (webtiles) character file.

Game seed: 2963270978804732322

1410 Ajdolov the Basher (level 8, -2/37 (68) HPs)
             Began as an Armataur Artificer on Mar 24, 2024.
             Slain by Eustachio
             ... wielding a +2 rapier of draining
              (7 damage)
             ... on level 4 of the Dungeon.
             The game lasted 00:10:38 (5162 turns).

Ajdolov the Basher (Armataur Artificer)             Turns: 5162, Time: 00:10:39

HP:   -2/37 (68)    AC:  6    Str: 20    XL:     8   Next: 42%
MP:   0/8           EV:  7    Int: 12    God:
Gold: 260           SH:  0    Dex: 10    Spells: 7/7 levels left

rFire   . . .        m - +0 flail
rCold   + . .        (no shield)
rNeg    . . .        h - +0 ring mail
rPois   .            (no helmet)
rElec   .            (no cloak)
rCorr   .            (no gloves)
SInv    .            (no barding)
Will    .....        u - amulet of guardian spirit
Stlth   +            k - ring of protection from cold
HPRegen 0.26/turn    (no ring)
MPRegen 0.11/turn

%: guardian spirit, roll
@: very heavily drained
A: large, deformed body, tough skin 3, armoured tail, rollpage 2
a: no special abilities


You were on level 4 of the Dungeon.
You visited 1 branch of the dungeon, and saw 5 of its levels.
You also visited: Sewer.

You collected 260 gold pieces.

Inventory:

Hand Weapons
 m - a +0 flail (weapon)
Missiles
 f - 4 boomerangs (quivered)
Armour
 h - a +0 ring mail (worn)
Jewellery
 k - a ring of protection from cold (left hand)
 p - a +6 ring of intelligence
 u - an amulet of guardian spirit (around neck)
Wands
 d - a wand of charming (11)
Scrolls
 b - 4 scrolls of identify {unknown}
 c - a scroll of revelation {unknown}
 l - 2 scrolls of blinking {unknown}
 o - a scroll of poison {unknown}
 q - 2 scrolls of amnesia {unknown}
 r - a scroll of enchant weapon {unknown}
 s - a scroll of fear {unknown}
 t - a scroll of vulnerability {unknown}
Potions
 a - 2 potions of curing
 g - 2 potions of enlightenment {unknown}
 i - a potion of attraction {unknown}
 j - 2 potions of mutation {unknown}
 n - a potion of berserk rage {unknown}


   Skills:
 - Level 5.0 Fighting
 + Level 12.5 Maces & Flails
 - Level 2.4 Armour
 - Level 0.6 Dodging
 - Level 1.1 Stealth
 - Level 3.0 Evocations


You had 7 spell levels left.
You didn't know any spells.
Your spell library contained the following spells:

 Spells                   Type           Power      Damage    Failure   Level
 Apportation              Tloc           0%         N/A       50%         1
 Necrotise                Necr           0%         1d4       50%         1
 Slow                     Hex            0%         N/A       50%         1
 Sting                    Conj/Alch      0%         1d3       50%         1
 Summon Small Mammal      Summ           0%         N/A       50%         1
 Confusing Touch          Hex            0%         N/A       86%         3
 Inner Flame              Hex/Fire       0%         N/A       86%         3
 Vampiric Draining        Necr           0%         2d6       86%         3
 Irradiate                Conj/Alch      0%         3d11      100%        5
 Ignition                 Fire           0%         3d3       100%        8


Dungeon Overview and Level Annotations

Branches:
Dungeon (5/15)              Sewer (visited)
 Temple: D:4-7

Altars:
Zin

Portals:
Abyss: D:3

Annotations:
D:3 2 transporters, crabbyslav's ghost, amateur DrWr
D:4 Eustachio
D:5 1 transporter


Innate Abilities, Weirdness & Mutations

Armour fits poorly on your strangely shaped body.
You have extremely tough skin. (AC +3)
You have a long armoured tail.
You regenerate magic and health when rolling toward enemies. (Rampage Regen)


Message History

Unknown command.
You hit Eustachio but do no damage.
Eustachio is moderately wounded.
Eustachio barely misses you.
You closely miss Eustachio.
Eustachio is moderately wounded.
Eustachio hits you with a +2 rapier of draining.
You feel drained.
You barely miss Eustachio.
Eustachio is moderately wounded.
Eustachio hits you with a +2 rapier of draining!
You feel drained.
You sock Eustachio! You tail-slap Eustachio!
Eustachio is severely wounded.
Eustachio hits you with a +2 rapier of draining.
You feel drained.
Unknown command.
You closely miss Eustachio.
You tail-slap Eustachio, but do no damage.
Eustachio is severely wounded.
Eustachio hits you with a +2 rapier of draining.
You feel drained.
Eustachio hits you with a +2 rapier of draining.
You feel drained.
You miss Eustachio.
Eustachio is severely wounded.
Eustachio hits you with a +2 rapier of draining!
* * * LOW HITPOINT WARNING * * *
You feel drained.
Unknown command.
It was a potion of experience.
You feel more experienced!
Your Maces & Flails skill gained 7 levels and is now at level 12!
Training target 10.0 for Maces & Flails reached!
You need to enable at least one skill for training.
You have reached level 8!
You feel stronger.
Eustachio hits you with a +2 rapier of draining!
You die...
Eustachio says, "Such is the fate of all honourless rascals."

##.## #.##รท#.###.####
##.#.###.#........#
##.###.##......###.# #.##
##.(.....## #.#
##.###.##.###.# #.#
##>#.###5# #.# #.# ##.##
#.# #.# #.# ###########
#.###.####.# ..........#
#..@@......# #########.#
#.###.############ #.#
#................#### #.#
#.....<.............#
#.####.......#.##.##[##.#
#............#.##.##.##>#
#..###.......#.##.##.##..
########..#
#.......[.##......##
#.........#
#.......#######..##


You could see Eustachio.

Vanquished Creatures
  An ice beast (D:4)
  2 bullfrogs (Sewer)
  A hound (D:4)
  4 orc priests
  A sleepcap (D:4)
  2 orc wizards
  A gnoll (D:1)
  11 adders
  6 river rats (Sewer)
  2 ribbon worms (D:2)
  11 orcs
  13 ball pythons
  7 bats
  8 endoplasms
  5 giant cockroaches
  4 hobgoblins
  A quokka (D:4)
  2 frilled lizards
  4 goblins
  6 kobolds
  32 rats
124 creatures vanquished.

Vanquished Creatures (collateral kills)
  A kobold (D:4)
1 creature vanquished.

Vanquished Creatures (others)
  An iguana (D:4)
1 creature vanquished.

Grand Total: 126 creatures vanquished

Notes
Turn   | Place    | Note
-------+----------+-------------------------------------------
     0 | D:1      | Ajdolov the Armataur Artificer began the quest for the Orb.
     0 | D:1      | Reached XP level 1. HP: 15/15 MP: 1/1
   102 | D:1      | Reached skill level 1 in Fighting
   305 | D:1      | Reached XP level 2. HP: 24/24 MP: 2/2
   722 | D:1      | Reached XP level 3. HP: 30/30 MP: 3/3
  1132 | D:2      | Found the +18 Lear's hauberk
  1316 | D:2      | Reached XP level 4. HP: 16/39 MP: 4/4
  1872 | D:3      | Found a one-way gate to the infinite horrors of the Abyss.
  1872 | D:3      | Noticed crabbyslav's ghost (amateur DrWr)
  1873 | D:3      | Noticed a small abomination
  1881 | D:3      | Found a transporter.
  1881 | D:3      | Noticed a kobold brigand
  2142 | D:3      | Reached XP level 5. HP: 47/47 MP: 5/5
  2385 | D:3      | Found a faded altar of an unknown god.
  2391 | D:3      | Reached skill level 5 in Fighting
  2470 | D:3      | Found a transporter.
  2842 | D:4      | Reached skill level 1 in Maces & Flails
  3025 | D:4      | Found a glowing drain.
  3029 | Sewer    | Entered a sewer
  3062 | Sewer    | Reached skill level 2 in Maces & Flails
  3063 | Sewer    | Reached XP level 6. HP: 51/56 MP: 6/6
  3363 | Sewer    | Reached skill level 3 in Maces & Flails
  3428 | Sewer    | Reached skill level 4 in Maces & Flails
  3431 | Sewer    | Gained mutation: You regenerate magic and health when
                  | rolling toward enemies. (Rampage Regen) [Armataur growth]
  3431 | Sewer    | Reached XP level 7. HP: 39/61 MP: 7/7
  3875 | D:4      | Found a glowing silver altar of Zin.
  3887 | D:4      | Reached skill level 5 in Maces & Flails
  4246 | D:5      | Entered Level 5 of the Dungeon
  4246 | D:5      | Found a transporter.
  4268 | D:5      | Noticed Eustachio
  5162 | D:4      | Reached skill level 12 in Maces & Flails
  5162 | D:4      | Reached XP level 8. HP: 5/37 MP: 0/8
  5162 | D:4      | Slain by Eustachio

Illustrated notes

Levels and vault maps discovered:
D:1:      minmay_arrival_nine_rooms, layout_basic
D:2:      layout_basic
D:3:      layout_basic, basic_ecumenical_altar, gammafunk_ghost_abyssal_escape,
          serial_forest, infiniplex_forest_lined_room_3,
          infiniplex_forest_straight_4, infiniplex_forest_straight_2,
          infiniplex_forest_clump_curved, infiniplex_forest_lined_room_3,
          infiniplex_forest_end_1
D:4:      layout_loops_ring, zin_scriptorium, gup_sewer_entry_bowl
D:5:      gammafunk_wand_slinger, layout_rooms, nicolae_overflow_hidden_temple,
          demons_altar, kennysheep_generic_room_2, uniq_blork_the_orc,
          uniq_eustachio, uniq_menkaure

Skill      XL: |  1  2  3  4  5  6  7 |
---------------+----------------------+-----
Fighting       | 1 2 3 4 5 |  5.0
Maces & Flails | 2 4 12 | 12.5
Armour         | |  2.4
Dodging        | |  0.6
Stealth        | |  1.1
Evocations     | |  3.0

Action                     |  1- 3 |  4- 6 |  7- 9 || total
---------------------------+-------+-------+-------++-------
  Melee: Club              |    51 |       |       ||    51
         Tailslap          |     6 |    10 |    14 ||    30
         Whip              |    73 |    38 |       ||   111
         Flail             |       |   114 |   104 ||   218
  Throw: Boomerang         |       |       |     5 ||     5
  Evoke: Wand              |     3 |    17 |     4 ||    24
    Use: Potion            |       |       |     2 ||     2
 Armour: Leather armour    |    34 |       |       ||    34
         Ring mail         |    49 |   164 |   190 ||   403
  Dodge: Dodged            |    67 |    66 |   101 ||   234

Table legend: (Time is in decaauts)
 A = Elapsed time spent in this place.
 B = Non-inter-level travel time spent in this place.
 C = Inter-level travel time spent in this place.
 D = Time resting spent in this place.
 E = Time spent auto-exploring this place.
 F = Levels seen in this place.
 G = Mean time per level.
                   A        B        C        D        E       F      G
               +--------+--------+--------+--------+--------+-----+--------+
         Total |   5245 |   4953 |    292 |    854 |   2806 |   6 |  874.2 |
       Dungeon |   4726 |   4434 |    292 |    808 |   2561 |   5 |  945.2 |
         Sewer |    519 |    519 |      0 |     46 |    245 |   1 |  519.0 |
               +--------+--------+--------+--------+--------+-----+--------+

Top non-repeatable levels by time:
     D:4: 1477 daAuts
     D:3: 1476 daAuts
     D:1: 950 daAuts
     D:2: 802 daAuts
   Sewer: 519 daAuts
     D:5: 17 daAuts
